 Dungeon Crawl Stone Soup version 0.18-a0-888-gdb73dea (webtiles) character file.

149 Duffy the Insei (level 5, 0/32 HPs)
             Began as a Tengu Monk on Dec 23, 2015.
             Slain by Duffy's ghost (13 damage)
             ... on level 3 of the Dungeon.
             The game lasted 00:02:08 (3457 turns).

Duffy the Insei (Tengu Monk)                        Turns: 3457, Time: 00:02:08

Health: 0/32       AC:  3    Str: 11    XL:     5   Next: 31%
Magic:  6/6        EV:  9    Int: 11    God:
Gold:   64         SH:  0    Dex: 17    Spells: 0 memorised, 4 levels left

rFire  . . .     SeeInvis .       - Unarmed
rCold  . . .     Gourm    .     a - +0 robe
rNeg   . . .     Faith    .     (no shield)
rPois  .         Spirit   .     g - +1 hat
rElec  .         Dismiss  .     (no cloak)
rCorr  .         Reflect  .     (no gloves)
SustAt .         Harm     .     (boots unavailable)
MR     .....                    (no amulet)
Stlth  ++........               (no ring)
                                (no ring)

@: not resistant to hostile enchantments, unstealthy
A: beak, talons 3, able to fly 1
a: Fly


You were on level 3 of the Dungeon.
You were not hungry.

You visited 1 branch of the dungeon, and saw 3 of its levels.

You collected 64 gold pieces.


Innate Abilities, Weirdness & Mutations

You have a beak for a mouth.
You have claws for feet.
You can fly.


   Skills:
 - Level 3.0 Fighting
 - Level 3.2 Dodging
 - Level 2.0 Stealth
 + Level 7.1 Unarmed Combat


You had 4 spell levels left.
You didn't know any spells.

Inventory:

Armour
 a - a +0 robe (worn)
 g - a +1 hat (worn)
Scrolls
 c - a scroll of enchant armour {unknown}
 e - a scroll of fog {unknown}
 f - a scroll of fear {unknown}
 i - 2 scrolls of identify {unknown}
 l - a scroll of remove curse {unknown}
 m - a scroll of noise {unknown}
 r - a scroll of immolation {unknown}
Potions
 h - 2 potions of resistance {unknown}
 j - a potion of curing {unknown}
 k - 2 potions of haste {unknown}
 n - a potion of poison {unknown}
Comestibles
 b - 4 bread rations
 d - 3 fruits
 o - a royal jelly
 q - a meat ration

Dungeon Overview and Level Annotations

Branches:
Dungeon (3/15)

Altars:
Elyvilon
Ru

Annotations:
D:3 Duffy's ghost, amateur TeMo


Message History

Done exploring.
You climb downwards.
Level annotation: Duffy's ghost, amateur TeMo
There is a stone staircase leading up, spattered with blood here.
Duffy's ghost hits you!
You see here a club.
You hit Duffy's ghost. Your kick misses Duffy's ghost.
Your peck misses Duffy's ghost.
Duffy's ghost is lightly damaged.
Duffy's ghost misses you.
You hit Duffy's ghost. Your peck misses Duffy's ghost.
Duffy's ghost is moderately damaged.
You barely miss Duffy's ghost. Your kick misses Duffy's ghost.
You peck Duffy's ghost, but do no damage.
Duffy's ghost is moderately damaged.
Duffy's ghost hits you!
You are too injured to fight recklessly!
You are too injured to fight recklessly!
You are too injured to fight recklessly!
You are too injured to fight recklessly!
You are too injured to fight recklessly!
You are too injured to fight recklessly!
You are too injured to fight recklessly!
You are too injured to fight recklessly!
You are too injured to fight recklessly!
You are too injured to fight recklessly!
You are too injured to fight recklessly!
You are too injured to fight recklessly!
You are too injured to fight recklessly!
You are too injured to fight recklessly!
You are too injured to fight recklessly!
You are too injured to fight recklessly!
There is a stone staircase leading up, spattered with blood here.
Duffy's ghost hits you!
You die...

##...##
##.....##
##.......##
#.........#
+.........+
#.........#
#.......#
##..)W.##
##.)@##
##+##


You could see Duffy's ghost.

Action                   |  1- 3 |  4- 6 || total
-------------------------+-------+-------++-------
Melee: Unarmed           |    86 |    82 ||   168
 Stab: Sleeping          |     6 |     3 ||     9
  Eat: Chunk             |     4 |     4 ||     8

Notes
Turn   | Place    | Note
--------------------------------------------------------------
     0 | D:1      | Duffy the Tengu Monk began the quest for the Orb.
     0 | D:1      | Reached XP level 1. HP: 14/14 MP: 2/2
   215 | D:1      | Reached XP level 2. HP: 19/19 MP: 3/3
   293 | D:1      | Reached skill level 5 in Unarmed Combat
  1156 | D:2      | Found a white marble altar of Elyvilon.
  1223 | D:2      | Reached XP level 3. HP: 23/23 MP: 4/4
  1837 | D:2      | Found a sacrificial altar of Ru.
  2227 | D:2      | Reached skill level 6 in Unarmed Combat
  2227 | D:2      | Reached XP level 4. HP: 26/28 MP: 5/5
  3019 | D:2      | Gained mutation: You can fly. [Tengu growth]
  3019 | D:2      | Reached XP level 5. HP: 32/32 MP: 6/6
  3125 | D:3      | Noticed Robin
  3352 | D:3      | Killed Robin
  3352 | D:3      | Reached skill level 7 in Unarmed Combat
  3445 | D:3      | Noticed Duffy's ghost (amateur TeMo)
  3457 | D:3      | Slain by Duffy's ghost

Vault maps used:
D:1:      lemuel_arrival_lava_pool
D:2:      lemuel_coloured_pillars_altar, nicolae_ru_the_path_less_chosen
D:3:      led_xom_imps, minmay_liquid_box, fedhas_altar_4, uniq_jessica,
          uniq_robin

Vanquished Creatures
  Robin
  8 adders
  A worm
  4 giant geckos
  6 bats
  5 giant cockroaches
  8 goblins
  14 hobgoblins
  A ball python
  A giant newt
  3 kobolds
  7 rats
59 creatures vanquished.
